 Dungeon Crawl Stone Soup version 0.30-a0-567-gf7fd966b4a (webtiles) character file.

Game seed: 13266240030866185038

333 tilp the Slasher (level 7, 0/59 HPs)
             Began as a Meteoran Fighter on Dec 28, 2022.
             Slain by an orc
             ... wielding a +0 trident
              (1 damage)
             ... on level 4 of the Dungeon.
             The game lasted 00:03:38 (466 turns).

tilp the Slasher (Meteoran Fighter)                  Turns: 466, Time: 00:03:39

Health: 0/59       AC:  7    Str: 21    XL:     7   Next: 9%
Magic:  0/8        EV: 16    Int:  9    God:
Gold:   42         SH:  5    Dex: 16    Spells: 6/6 levels left

rFire   + + .      SeeInvis .    a - +0 long sword
rCold   . . .      Faith    .    c - +0 buckler
rNeg    . . .      Spirit   +    b - +0 scale mail
rPois   .          Reflect  .    (no helmet)
rElec   .          Harm     .    (no cloak)
rCorr   .          Rampage  .    (no gloves)
Will    .....                    (no boots)
Stlth   +                        j - amulet of guardian spirit
HPRegen 0.29/turn                l - ring of protection from fire
MPRegen 0.11/turn                m - ring of Umu Vig {rF+ EV+5 Str+3}

@: about to teleport, glowing
A: sense surroundings 1, otherworldly, glowing, explore regen
a: no special abilities


You were on level 4 of the Dungeon.
You visited 1 branch of the dungeon, and saw 5 of its levels.

You collected 42 gold pieces.

Inventory:

Hand Weapons
 a - a +0 long sword (weapon)
Missiles
 h - 9 poisoned darts (quivered)
Armour
 b - a +0 scale mail (worn)
 c - a +0 buckler (worn)
Jewellery
 j - an amulet of guardian spirit (around neck)
 l - a ring of protection from fire (left hand)
 m - the ring of Umu Vig (right hand) {rF+ EV+5 Str+3}
   (You found it on level 4 of the Dungeon)

   [ring of evasion]

   EV:        It affects your evasion (+5).
   Str:       It affects your strength (+3).
   rF:        It protects you from fire.
Scrolls
 f - a scroll of identify {unknown}
 i - a scroll of fear {unknown}
Potions
 d - 2 potions of haste {unknown}
 g - a potion of lignification {unknown}
 k - a potion of degeneration {unknown}
 o - 2 potions of flight {unknown}


   Skills:
 + Level 4.2 Fighting
 * Level 4.5 Long Blades
 + Level 0.3 Throwing
 + Level 4.0 Armour
 * Level 4.0 Dodging
 + Level 2.0 Stealth
 - Level 4.0 Shields


You had 6 spell levels left.
You didn't know any spells.
Your spell library contained the following spells:

 Spells                   Type           Power      Damage    Failure   Level
 Portal Projectile        Hex/Tloc       0%         N/A       99%         3
 Tukima's Dance           Hex            0%         N/A       99%         3
 Blade Hands              Tmut           0%         N/A       100%        5


Dungeon Overview and Level Annotations

Branches:
Dungeon (5/15) Zot: 2496   Temple (0/1) D:4

Altars:
The Shining One

Annotations:
D:4 Eustachio
D:5 Blork the orc


Innate Abilities, Weirdness & Mutations

You passively map a small area around you.
You are easily found by Zot.
You glow in the dark.
You regain HP and MP as you explore.


Message History

The orc hits you from afar with a +0 trident.
* * * LOW HITPOINT WARNING * * *
The orc hits you from afar with a +0 trident.
* * * LOW HITPOINT WARNING * * *
You slash Eustachio!
Eustachio is heavily wounded.
The bat hits you but does no damage.
Eustachio hits you with a +2 rapier of electrocution!
* * * LOW HITPOINT WARNING * * *
The orc barely misses you. You block Eustachio's attack.
You closely miss Eustachio.
Eustachio is heavily wounded.
You block the bat's attack. You block the orc's attack.
The bat hits you but does no damage. The orc barely misses you.
Eustachio mumbles some strange words.
Unknown command.
You miss Eustachio.
Eustachio is heavily wounded.
The bat closely misses you. You block the orc's attack.
You block the bat's attack. The orc barely misses you.
Eustachio hits you with a +2 rapier of electrocution!
* * * LOW HITPOINT WARNING * * *
Unknown command.
Okay, then.
You closely miss the bat. You block the bat's attack.
The bat hits you but does no damage.
The orc hits you from afar with a +0 trident.
* * * LOW HITPOINT WARNING * * *
Eustachio hits you with a +2 rapier of electrocution.
* * * LOW HITPOINT WARNING * * *
The crimson imp blinks!
The orc hits you from afar with a +0 trident.
* * * LOW HITPOINT WARNING * * *
The bat completely misses you.
Unknown command.
As you read the scroll labelled UMUHURPH BIOZO, it crumbles to dust.
You feel strangely unstable.
It was a scroll of teleportation.
The bat closely misses you.
The orc hits you from afar with a +0 trident.
You die...

#. ** ** #.# #.#.. #.* ,
..#,#.#.. #.#### ,*
#.#.#.#..* #....# * *
..#.#...# #..... , ,#.#
..#.# ##...# ** #.# #.#.#
#...#
#.#####.###5#.########...#
(.......b@@o.(...)........
,
###########5#......#.#####
,* #.#.####.#.# #
#5#.#......# ###
####K#.#......###.. ,
#......#...........
*#b.......#........... ,
..K@#...#..#....#....## *
###..#o#...#....##..'#.


You could see Eustachio, an iron imp (summoned), a crimson imp (summoned), an
orc (berserk) and a bat (summoned).

Vanquished Creatures
  An ogre (D:4)
  A phantom (D:4)
  A scorpion (D:4)
  A crimson imp (D:4)
  A hound (D:4)
  3 adders
  A dart slug (D:3)
  3 bats (D:2)
  3 endoplasms
  A giant cockroach (D:3)
  A goblin (D:1)
  A hobgoblin (D:1)
  3 ball pythons
  4 goblin skeletons (D:4)
  3 goblin zombies (D:4)
  A hobgoblin zombie (D:4)
  2 kobolds (D:4)
  2 kobold zombies (D:4)
  3 orc zombies (D:4)
  3 rats
39 creatures vanquished.

Notes
Turn   | Place    | Note
-------+----------+-------------------------------------------
     0 | D:1      | tilp the Meteoran Fighter began the quest for the Orb.
     0 | D:1      | Reached XP level 1. HP: 19/19 MP: 2/2
    45 | D:2      | Reached skill level 1 in Dodging
    45 | D:2      | Reached XP level 2. HP: 14/26 MP: 3/3
    73 | D:2      | Reached XP level 3. HP: 17/31 MP: 4/4
   239 | D:4      | Reached XP level 4. HP: 39/39 MP: 5/5
   253 | D:4      | Noticed an ogre
   259 | D:4      | Killed an ogre
   260 | D:4      | Reached skill level 1 in Stealth
   260 | D:4      | Reached XP level 5. HP: 46/46 MP: 6/6
   291 | D:4      | Found a glowing golden altar of the Shining One.
   298 | D:4      | Reached XP level 6. HP: 49/52 MP: 7/7
   363 | D:5      | Entered Level 5 of the Dungeon
   382 | D:5      | Noticed Blork the orc
   394 | D:4      | Reached XP level 7. HP: 58/59 MP: 8/8
   409 | D:4      | Identified the ring of Umu Vig {rF+ EV+5 Str+3}
   432 | D:4      | Found a staircase to the Ecumenical Temple.
   434 | D:4      | Noticed Eustachio
   465 | D:4      | HP: 1/59 [orc/+0 trident (4)]
   466 | D:4      | Slain by an orc

Illustrated notes

Levels and vault maps discovered:
D:1:      erik_arrival_blinker_ship, layout_rooms, serial_glass,
          glass_columns_c, glass_columns_a, glass_columns_c, glass_columns_b,
          dreamdust_ecumenical_altar_grove, minmay_liquid_box,
          minmay_close_crescents
D:2:      layout_loops_ring, nicolae_underground_beach, uniq_jessica,
          uniq_crazy_yiuf_cottage
D:3:      layout_loops_corners, nicolae_overflow_crystal_walls,
          biasface_ghost_orc_armoury, minivault_11
D:4:      layout_basic, nicolae_tso_besieged_by_evil,
          minmay_temple_entry_crystal_x, uniq_eustachio
D:5:      layout_loops_ring, evilmike_ruin_ashenzari, uniq_blork_the_orc,
          uniq_pikel, uniq_menkaure

Skill      XL: |  1  2  3  4  5  6 |
---------------+-------------------+-----
Dodging        | 1 3 4 |  4.0
Armour         | 4 |  4.0
Long Blades    | 3 4 |  4.5
Stealth        | 1 2 |  2.0
Shields        | 4 |  4.0
Fighting       | 4 |  4.2
Throwing       | |  0.3

Action                   |  1- 3 |  4- 6 |  7- 9 || total
-------------------------+-------+-------+-------++-------
Melee: Long sword        |    59 |    61 |    21 ||   141
  Use: Potion            |       |     1 |       ||     1
       Scroll            |       |       |     1 ||     1
Armor: Scale mail        |    26 |    29 |    18 ||    73
Dodge: Dodged            |    28 |    17 |    29 ||    74
Block: Buckler           |    16 |    22 |    15 ||    53

Table legend: (Time is in decaauts)
 A = Elapsed time spent in this place.
 B = Non-inter-level travel time spent in this place.
 C = Inter-level travel time spent in this place.
 D = Time resting spent in this place.
 E = Time spent auto-exploring this place.
 F = Levels seen in this place.
 G = Mean time per level.
                   A        B        C        D        E       F      G
               +--------+--------+--------+--------+--------+-----+--------+
         Total |    502 |    502 |      0 |      0 |      0 |   5 |  100.4 |
       Dungeon |    502 |    502 |      0 |      0 |      0 |   5 |  100.4 |
               +--------+--------+--------+--------+--------+-----+--------+

Top non-repeatable levels by time:
     D:4: 240 daAuts
     D:2: 155 daAuts
     D:3: 54 daAuts
     D:1: 43 daAuts
     D:5: 9 daAuts
